 Dungeon Crawl Stone Soup version 0.28.0-1-gb440e238dd (webtiles) character file.

Game seed: 17905147408984807402

0 croobank the Sneak (level 1, -3/10 HPs)
             Began as a Felid Delver on Feb 20, 2022.
             Slain by Crazy Yiuf (6 damage)
             ... on level 5 of the Dungeon.
             The game lasted 00:00:55 (48 turns).

croobank the Sneak (Felid Delver)                     Turns: 48, Time: 00:00:56

Health: -3/10      AC:  1    Str:  8    XL:     1   Next: 0%
Magic:  2/2        EV: 17    Int: 11    God:
Gold:   0          SH:  0    Dex: 17    Spells: 0/0 levels left
                                        Lives:  0   Deaths: 0

rFire   . . .      SeeInvis +     - Unarmed
rCold   . . .      Faith    .   (shield unavailable)
rNeg    . . .      Spirit   .   (armour unavailable)
rPois   .          Reflect  .   (helmet unavailable)
rElec   .          Harm     .   (cloak unavailable)
rCorr   .          Rampage  .   (gloves unavailable)
Will    .....                   (boots unavailable)
Stlth   +++.......              (no amulet)
HPRegen 0.03/turn               (no ring)
MPRegen 0.08/turn               (no ring)

@: hasted, very quick
A: very small, claws 1, fangs 3, see invisible, speed 1, shaggy fur 1, stealthy
paws, no weapons or thrown items, no armour, multi-lived
a: no special abilities


You were on level 5 of the Dungeon.
You visited 1 branch of the dungeon, and saw 1 of its levels.

Inventory:

Wands
 e - a wand of digging (3)
Scrolls
 a - a scroll of fog
 b - a scroll of magic mapping


   Skills:
 + Level 3.0 Fighting
 + Level 2.6 Dodging
 + Level 6.6 Stealth
 + Level 2.0 Unarmed Combat


You couldn't memorise any spells.
You didn't know any spells.
Your spell library was empty.

Dungeon Overview and Level Annotations

Branches:
Dungeon (5/15)
 Temple: D:4-7

Altars:

Annotations:
D:5 Crazy Yiuf, Menkaure


Innate Abilities, Weirdness & Mutations

You have sharp claws.
You have razor-sharp teeth.
You have supernaturally acute eyesight. (SInv)
You cover ground quickly. (Speed+)
You are covered in fur. (AC +1)
Your paws help you pounce on unaware monsters.
You are incapable of wielding weapons or throwing items.
You cannot wear armour.
You gain extra lives every three experience levels.


Message History

Ouch! That really hurt!
* * * LOW HITPOINT WARNING * * *
Found a mace.
Found a runed translucent door.
Crazy Yiuf shouts!
You open the door.
Crazy Yiuf laughs, "Citrus!
Snower leg snockshim."
There is an open translucent door here.
As you read the scroll of fear, it crumbles to dust.
You assume a fearsome visage.
Crazy Yiuf looks frightened!
The adder looks frightened!
As you read the scroll labelled CAURIRONEUL, it crumbles to dust.
It is a scroll of identify.
You don't have any unidentified items.
Crazy Yiuf almost stumbles in trying to escape.
You scratch Crazy Yiuf.
Your attack snaps Crazy Yiuf out of his fear.
Crazy Yiuf is lightly wounded.
Crazy Yiuf whimpers, "Shower!"
Crazy Yiuf barely misses you.
You scratch Crazy Yiuf.
Crazy Yiuf is lightly wounded.
You scratch Crazy Yiuf.
Crazy Yiuf is heavily wounded.
Crazy Yiuf completely misses you.
You barely miss Crazy Yiuf.
Crazy Yiuf is heavily wounded.
You scratch Crazy Yiuf.
Crazy Yiuf is severely wounded.
Crazy Yiuf closely misses you.
You scratch Crazy Yiuf but do no damage.
Crazy Yiuf is severely wounded.
Crazy Yiuf barely misses you.
You scratch Crazy Yiuf but do no damage.
Crazy Yiuf is severely wounded.
You barely miss Crazy Yiuf. You bite Crazy Yiuf.
Crazy Yiuf is almost dead.
Crazy Yiuf grits, "Spliff!"
Crazy Yiuf hits you with a +2 quarterstaff of chaos.
Ouch! That really hurt!
You die...

#. #... #.##...
#.....# ##.#..#
#.#..# ♣♣♣♣♣##....#
#####♣♣♣.♣.P.#.##.#
#...#♣M.♣..........
#g@.'.♣♣♣♣...M..##.
#)..#♣♣ ♣♣P.#..^..
##### ♣♣##.....
###..# ...# .#..#
#.##.#


You could see Menkaure and Crazy Yiuf.

Vanquished Creatures (others)
  2 fungi (D:5)
2 creatures vanquished.

Notes
Turn   | Place    | Note
-------+----------+-------------------------------------------
     0 | D:5      | croobank the Felid Delver began the quest for the Orb.
     0 | D:5      | Reached XP level 1. HP: 10/10 MP: 2/2
    19 | D:5      | Noticed Menkaure
    31 | D:5      | Found a runed translucent door.
    32 | D:5      | Noticed Crazy Yiuf
    48 | D:5      | Slain by Crazy Yiuf

Illustrated notes

Levels and vault maps discovered:
D:5:      layout_basic, uniq_eustachio, uniq_sigmund, uniq_crazy_yiuf_cottage,
          uniq_menkaure

Action                   || total
-------------------------++-------
Melee: Unarmed           ||    13
       Bite              ||     2
  Use: Scroll            ||     2
       Potion            ||     1
Dodge: Dodged            ||     6
